 Dungeon Crawl Stone Soup version 0.31-a0-1118-gbca3d03946 (webtiles) character file.

Game seed: 13148570479230067036

473 Crownlay the Sneak (level 7, 0/55 HPs)
             Began as a Naga Air Elementalist on Dec 4, 2023.
             Slain by a black bear (5 damage)
             ... on level 5 of the Dungeon.
             The game lasted 00:08:13 (5391 turns).

Crownlay the Sneak (Naga Air Elementalist)          Turns: 5391, Time: 00:08:14

Health: 0/55       AC:  7    Str: 11    XL:     7   Next: 10%
Magic:  3/12       EV:  9    Int: 17    God:
Gold:   227        SH:  0    Dex: 11    Spells: 7/12 levels left

rFire   . . .        m - +0 spear
rCold   . . .        (no shield)
rNeg    . . .        e - +1 robe of the Wasteland {rElec}
rPois   +            (no helmet)
rElec   +            q - +1 cloak
rCorr   .            j - +0 pair of gloves
SInv    +            (no barding)
Will    .....        (no amulet)
Stlth   +++          (no ring)
HPRegen 0.29/turn    (no ring)
MPRegen 0.13/turn

%: no passive effects
@: very slow
A: AC +2, large, see invisible, deformed body, poison resistance, slowness 2,
spit poison 1, naga tail 1
a: Spit Poison


You were on level 5 of the Dungeon.
You visited 1 branch of the dungeon, and saw 5 of its levels.

You collected 227 gold pieces.

Inventory:

Hand Weapons
 m - a +0 spear (weapon)
Missiles
 k - a throwing net
Armour
 e - the +1 robe of the Wasteland (worn) {rElec}
   (You found it on level 4 of the Dungeon)

   rElec:     It insulates you from electricity.
 j - a +0 pair of gloves (worn)
 q - a +1 cloak (worn)
Talismans
 c - a blade talisman
Scrolls
 a - a scroll of enchant armour {unknown}
 d - 3 scrolls of identify {unknown}
 f - a scroll of acquirement {unknown}
 g - a scroll of teleportation {unknown}
 h - a scroll of immolation {unknown}
 i - 2 scrolls of enchant weapon {unknown}
 l - 2 scrolls of poison {unknown}
Potions
 b - a potion of magic
 n - a potion of mutation {unknown}
 o - a potion of might {unknown}
 p - a potion of lignification {unknown}
 r - a potion of curing {unknown}


   Skills:
 - Level 1.5 Dodging
 + Level 5.8 Stealth
 + Level 3.4 Spellcasting
 + Level 3.2 Conjurations
 * Level 5.4 Air Magic


You had 7 spell levels left.
You knew the following spells:

 Your Spells              Type           Power      Damage    Failure   Level
a - Shock                 Conj/Air       68%        1d7       2%          1
b - Airstrike             Air            10%        2d(2-18)  17%         4

Your spell library contained the following spells:

 Spells                   Type           Power      Damage    Failure   Level
 Static Discharge         Conj/Air       34%        3-5/arc   4%          2
 Swiftness                Air            21%        N/A       5%          3


Dungeon Overview and Level Annotations

Branches:
Dungeon (5/15)             Temple (0/1) D:5

Altars:


Innate Abilities, Weirdness & Mutations

Your serpentine skin is tough. (AC +2)
You have supernaturally acute eyesight. (SInv)
Armour fits poorly on your strangely shaped body.
Your system is resistant to poisons. (rPois)
You cover ground very slowly.
You can spit poison.
You have a snake-like lower body.


Message History

The black bear bites you.
The black bear claws you but does no damage.
The black bear misses you.
You barely miss the black bear.
The black bear is severely wounded.
The black bear bites you. The black bear claws you.
The black bear claws you but does no damage.
You closely miss the black bear.
The black bear is severely wounded.
The black bear bites you. The black bear barely misses you. x2
You hit the black bear but do no damage.
The black bear is severely wounded.
The black bear closely misses you.
The black bear claws you but does no damage. x2
You hit the black bear.
The black bear is severely wounded.
The black bear goes berserk!
The black bear bites you. The black bear claws you.
The black bear closely misses you.
The black bear attacks as it pursues you!
The black bear bites you. The black bear claws you.
* * * LOW HITPOINT WARNING * * *
The black bear completely misses you. The black bear bites you!
* * * LOW HITPOINT WARNING * * *
The black bear closely misses you. The black bear barely misses you.
Casting: Shock (safe; 2% risk of failure)
Confirm with . or Enter, or press ? or * to list all spells.
Aiming: Airstrike (quite dangerous; 17% risk of failure)
Press: ? - help, Dir - move target, f - black bear
Aim: a black bear (severely wounded, berserk, empty space bonus: 3/8)
Okay, then.
Casting: Airstrike (quite dangerous; 17% risk of failure)
Confirm with . or Enter, or press ? or * to list all spells.
Aiming: Shock (safe; 2% risk of failure)
Press: ? - help, Shift-Dir - straight line, f - black bear
Aim: a black bear (severely wounded, berserk, 79% to hit)
The zap hits the black bear.
The black bear is severely wounded.
The black bear bites you.
You die...

#.⌠.# .. .... ###...###..
... ..........$
#.###.⌠..>..⌠.
#............ #...)# #...#
#....# #.⌠.#
#....###...###
########+#...@h.......#
#............##'#)........
#............##.#.........
#............##.#.........
#............##.#.....##..
#............'..#.....# .
+............####.....#
#............# #.....#
#............#


You could see a black bear (berserk).

Vanquished Creatures
  An orc priest (D:4)
  A jelly (D:4)
  A sleepcap (D:4)
  2 iguanas (D:5)
  Natasha (thrice) (D:4)
  3 orc wizards
  9 adders
  3 worms
  12 orcs
  9 ball pythons
  8 endoplasms
  4 giant cockroaches (D:2)
  4 goblins
  9 hobgoblins
  8 jackals
  2 quokkas
  3 bats
  5 frilled lizards
  5 kobolds
  2 rats (D:1)
94 creatures vanquished.

Notes
Turn   | Place    | Note
-------+----------+-------------------------------------------
     0 | D:1      | Crownlay the Naga Air Elementalist began the quest for the
                  | Orb.
     0 | D:1      | Reached XP level 1. HP: 15/15 MP: 3/3
   334 | D:1      | Reached XP level 2. HP: 22/22 MP: 3/5
  1118 | D:2      | Reached XP level 3. HP: 28/28 MP: 1/6
  1435 | D:2      | Reached XP level 4. HP: 36/36 MP: 3/7
  2624 | D:3      | Reached XP level 5. HP: 5/42 MP: 0/9
  2835 | D:3      | Learned a level 4 spell: Airstrike
  3621 | D:4      | Noticed Natasha
  3630 | D:4      | Killed Natasha
  3747 | D:4      | Noticed Natasha
  3953 | D:4      | Identified the +1 robe of the Wasteland {rElec}
  3998 | D:4      | Killed Natasha
  3999 | D:4      | Reached skill level 5 in Stealth
  3999 | D:4      | Reached XP level 6. HP: 49/49 MP: 4/10
  4060 | D:4      | Noticed Natasha
  4064 | D:4      | Killed Natasha
  4280 | D:4      | Reached skill level 5 in Air Magic
  4938 | D:5      | Entered Level 5 of the Dungeon
  5198 | D:5      | Reached XP level 7. HP: 55/55 MP: 6/12
  5355 | D:5      | Found a staircase to the Ecumenical Temple.
  5391 | D:5      | Slain by a black bear

Illustrated notes

Levels and vault maps discovered:
D:1:      dpeg_arrival_tiny_k, layout_basic
D:2:      layout_basic, minmay_tree_intersection, kennysheep_generic_room_16
D:3:      layout_loops_ring, minivault_19
D:4:      layout_loops_ring, uniq_natasha
D:5:      layout_basic, nicolae_dithmenos_through_a_glass_darkly,
          minmay_temple_entry_junction, minmay_puff

Skill      XL: |  1  2  3  4  5  6 |
---------------+-------------------+-----
Stealth        | 4 5 |  5.8
Conjurations   | 2 3 |  3.2
Air Magic      | 4 5 |  5.4
Spellcasting   | 3 |  3.4
Dodging        | |  1.5

Action                     |  1- 3 |  4- 6 |  7- 9 || total
---------------------------+-------+-------+-------++-------
  Melee: Unarmed           |     9 |       |       ||     9
         Mace              |    24 |     2 |       ||    26
         Spear             |       |    47 |    16 ||    63
         Punch             |       |     3 |       ||     3
   Cast: Shock             |    49 |   124 |    17 ||   190
         Airstrike         |       |     6 |       ||     6
Ability: Spit Poison       |     1 |     1 |     1 ||     3
   Stab: Sleeping          |     1 |     1 |       ||     2
 Armour: Robe              |    28 |    90 |    33 ||   151
  Dodge: Dodged            |    22 |    53 |    24 ||    99

Table legend: (Time is in decaauts)
 A = Elapsed time spent in this place.
 B = Non-inter-level travel time spent in this place.
 C = Inter-level travel time spent in this place.
 D = Time resting spent in this place.
 E = Time spent auto-exploring this place.
 F = Levels seen in this place.
 G = Mean time per level.
                   A        B        C        D        E       F      G
               +--------+--------+--------+--------+--------+-----+--------+
         Total |   6518 |   6168 |    350 |     42 |   5383 |   5 | 1303.6 |
       Dungeon |   6518 |   6168 |    350 |     42 |   5383 |   5 | 1303.6 |
               +--------+--------+--------+--------+--------+-----+--------+

Top non-repeatable levels by time:
     D:4: 1593 daAuts
     D:2: 1571 daAuts
     D:3: 1467 daAuts
     D:1: 1341 daAuts
     D:5: 545 daAuts
